 Dungeon Crawl Stone Soup version 0.28-a0-793-g31680bbd8b (webtiles) character file.

Game seed: 1103988250939495500

107 flotson the Sneak (level 4, -1/37 HPs)
             Began as a Demonspawn Delver on Nov 5, 2021.
             Killed from afar by a white imp (2 damage)
             ... with a puff of frost
             ... summoned by Natasha
             ... on level 2 of the Dungeon.
             The game lasted 00:04:03 (3226 turns).

flotson the Sneak (Demonspawn Delver)               Turns: 3226, Time: 00:04:03

Health: -1/37      AC:  8    Str: 13    XL:     4   Next: 57%
Magic:  4/4        EV: 11    Int: 12    God:
Gold:   85         SH:  0    Dex: 14    Spells: 3/3 levels left

rFire   . . .      SeeInvis .   j - +0 halberd
rCold   . . .      Faith    .   (shield currently unavailable)
rNeg    . . .      Spirit   .   e - +0 ring mail
rPois   .          Reflect  .   (no helmet)
rElec   .          Harm     .   (no cloak)
rCorr   .          Rampage  .   (no gloves)
Will    .....                   l - +0 pair of boots
Stlth   ++........              (no amulet)
HPRegen 0.12/turn               (no ring)
MPRegen 0.09/turn               (no ring)

@: brilliant, flying, slowed, very slow
A: thin metallic scales 1, powered by pain 2, wild magic 1, evolution 1
a: no special abilities


You were on level 2 of the Dungeon.
You visited 1 branch of the dungeon, and saw 5 of its levels.

You collected 85 gold pieces.

Inventory:

Hand Weapons
 a - a +0 hand axe
 j - a +0 halberd (weapon)
Armour
 e - a +0 ring mail (worn)
 l - a +0 pair of boots (worn)
Wands
 f - a wand of flame (14)
 g - a wand of digging (3)
Scrolls
 c - a scroll of fog
 d - 3 scrolls of identify {unknown}
 h - a scroll of silence {unknown}
 m - a scroll of vulnerability {unknown}


   Skills:
 + Level 3.8 Fighting
 - Level 1.7(1.9) Axes
 + Level 0.8(1.4) Polearms
 + Level 1.9 Armour
 + Level 2.8 Dodging
 - Level 4.5 Stealth


You had 3 spell levels left.
You didn't know any spells.
Your spell library was empty.

Dungeon Overview and Level Annotations

Branches:
Dungeon (5/15)             Temple (0/1) D:5

Altars:

Annotations:
D:2 Natasha
D:5 Duvessa


Innate Abilities, Weirdness & Mutations

You are partially covered in thin metallic scales. (AC +2)
You sometimes gain power by taking damage.
Your spells are a little harder to cast, but a little more powerful.
You have hidden genetic potential.


Message History

You are too injured to fight recklessly!
You are too injured to fight recklessly!
Aiming: Throw Flame
Press: ? - help, Shift-Dir - straight line, f/p - Natasha
Aim: Natasha, carrying a wand of flame (14) (heavily wounded, 60% to hit)
The puff of flame misses Natasha.
The white imp hits you. The white imp freezes you.
* * * LOW HITPOINT WARNING * * *
Natasha mewls in sadness.
Natasha completely misses you.
Okay, then.
Unknown command.
It was a potion of flight.
You feel very buoyant.
You fly up into the air.
The white imp closely misses you.
Natasha zaps a wand.
The puff of flame hits you.
* * * LOW HITPOINT WARNING * * *
The white imp misses you. Natasha claws you.
* * * LOW HITPOINT WARNING * * *
It was a potion of mutation.
You feel extremely strange.
You feel a hidden potential growing inside you.
You feel less in control of your magic.
The white imp hits you but does no damage.
Natasha barely misses you.
Okay, then.
Unknown command.
Sorry, you're not good enough to have a special ability.
Unknown command.
It was a potion of brilliance.
You feel clever all of a sudden. The white imp barely misses you.
Natasha mumbles some strange words.
The white imp gestures at you. The puff of frost hits you!
* * * LOW HITPOINT WARNING * * *
Natasha mumbles some strange words.
Okay, then.
The crimson imp blinks!
The white imp gestures at you. The puff of frost hits you.
You die...

#.#..... #.#.#### ##### #.#.#
#...# #.#.# ***#######...# #.#.#
*,,..........## #.#.#
*,,...........# #.#.#
*,,.......#...# #.#.#
******,,.......#@..#######.#.# ##
,,,,,,,,.....5.5...........>.# #.
******,,.....ยง.#...#########.###.
*,,.......#...##..........#.
*,,.......#...##.######.#.#.
############.###...##.# #....#.#.
..........##.* #...##.# #.#..#.#.
..........##,**#...##.# #.####.#.
..........#,,,,....##.###......#.


You could see an iron imp (summoned) and a white imp (summoned).

Vanquished Creatures
  Natasha (twice) (D:2)
  2 worms (D:2)
  A dart slug (D:1)
  2 endoplasms (D:1)
  A giant cockroach (D:1)
  3 goblins (D:1)
  3 hobgoblins
  5 jackals (D:1)
  10 kobolds
  4 quokkas (D:1)
  4 ball pythons
  5 bats (D:1)
  A frilled lizard (D:1)
  3 rats (D:1)
46 creatures vanquished.

Notes
Turn   | Place    | Note
-------+----------+-------------------------------------------
     0 | D:5      | flotson the Demonspawn Delver began the quest for the Orb.
     0 | D:5      | Reached XP level 1. HP: 18/18 MP: 1/1
    19 | D:5      | Noticed Duvessa
   279 | D:1      | Found a faded altar of an unknown god.
   373 | D:1      | Gained mutation: You are partially covered in thin metallic
                  | scales. (AC +2) [demonic ancestry]
   373 | D:1      | Reached XP level 2. HP: 24/24 MP: 2/2
   555 | D:1      | Reached skill level 1 in Armour
   700 | D:1      | Gained mutation: You sometimes gain a little power by
                  | taking damage. [demonic ancestry]
   700 | D:1      | Reached XP level 3. HP: 25/29 MP: 1/3
  2087 | D:2      | Noticed Natasha
  2093 | D:2      | Killed Natasha
  2094 | D:2      | Gained mutation: You sometimes gain power by taking damage.
                  | [demonic ancestry]
  2094 | D:2      | Reached XP level 4. HP: 26/37 MP: 4/4
  2766 | D:2      | Noticed Natasha
  2789 | D:2      | Killed Natasha
  3211 | D:2      | Noticed Natasha
  3224 | D:2      | Gained mutation: You have hidden genetic potential. [potion
                  | of mutation]
  3224 | D:2      | Gained mutation: Your spells are a little harder to cast,
                  | but a little more powerful. [potion of mutation]
  3225 | D:2      | HP: 1/37 [white imp/puff of frost[Natasha] (8)]
  3226 | D:2      | Killed from afar by a white imp

Illustrated notes

Levels and vault maps discovered:
D:1:      dpeg_arrival_round_c, layout_basic, dreamdust_ecumenical_altar_grove,
          hex_large
D:2:      layout_basic, chequers_serial_rivers_micro_c, uniq_natasha
D:3:      layout_rooms, minitemple, serial_shops, nicolae_shop_crystal,
          serial_bayou, serial_bayou_lagoon_b, serial_bayou_lake_a,
          serial_bayou_pond_a, serial_bayou_ford_a, grunt_ministairs_15,
          grunt_decor_cap, uniq_jessica
D:4:      layout_gridville, nicolae_yredelemnul_corpse_copse, enter_ossuary_4,
          uniq_eustachio
D:5:      layout_basic, minmay_temple_entry_mist, gup_sewer_entry_bowl,
          uniq_sigmund, uniq_duvessa, uniq_crazy_yiuf_cottage,
          uniq_blork_the_orc, uniq_pikel

Skill      XL: |  1  2 |
---------------+-------+-----
Dodging        | 2 |  2.8
Armour         | 1 |  1.9
Fighting       | |  3.8
Axes           | |  1.7
Polearms       | |  0.8
Stealth        | |  4.5

Action                   |  1- 3 |  4- 6 || total
-------------------------+-------+-------++-------
Melee: Hand axe          |   127 |       ||   127
       Halberd           |    32 |    27 ||    59
Evoke: Wand              |       |     1 ||     1
  Use: Scroll            |     2 |       ||     2
       Potion            |       |     4 ||     4
 Stab: Sleeping          |     5 |       ||     5
Armor: Leather armour    |    29 |       ||    29
       Ring mail         |    40 |    13 ||    53
Dodge: Dodged            |    97 |    23 ||   120

Table legend: (Time is in decaauts)
 A = Elapsed time spent in this place.
 B = Non-inter-level travel time spent in this place.
 C = Inter-level travel time spent in this place.
 D = Time resting spent in this place.
 E = Time spent auto-exploring this place.
 F = Levels seen in this place.
 G = Mean time per level.
                   A        B        C        D        E       F      G
               +--------+--------+--------+--------+--------+-----+--------+
         Total |   3258 |   3242 |     16 |    145 |   2594 |   5 |  651.6 |
       Dungeon |   3258 |   3242 |     16 |    145 |   2594 |   5 |  651.6 |
               +--------+--------+--------+--------+--------+-----+--------+

Top non-repeatable levels by time:
     D:2: 2033 daAuts
     D:1: 1170 daAuts
     D:5: 43 daAuts
     D:4: 7 daAuts
     D:3: 4 daAuts
